 Dungeon Crawl Stone Soup version 0.27.1-2-g3b301248ec (webtiles) character file.

Game seed: 12142118131306015735

863 H0rd4k the Charlatan (level 8, -1/58 HPs)
             Began as a Human Artificer on Oct 4, 2021.
             Was an Initiate of Gozag.
             Slain by a gnoll (10 damage)
             ... on level 6 of the Dungeon.
             The game lasted 00:07:43 (7495 turns).

H0rd4k the Charlatan (Human Artificer)              Turns: 7495, Time: 00:07:44

Health: -1/58      AC:  3    Str: 18    XL:     8   Next: 23%
Magic:  8/8        EV: 12    Int: 13    God:    Gozag
Gold:   143        SH:  0    Dex: 13    Spells: 7/7 levels left

rFire    . . .     SeeInvis .   z - +1 mace of Yredelemnul's Delight {spect, Str+4}
rCold    . . .     Faith    .   (no shield)
rNeg     . . .     Spirit   .   b - +0 leather armour
rPois    .         Reflect  .   (no helmet)
rElec    .         Harm     .   (no cloak)
rCorr    +         Rampage  .   (no gloves)
Will     .....                  (no boots)
Stlth    +.........             (no amulet)
HPRegen  0.19/turn              q - ring of resist corrosion
MPRegen  0.11/turn              (no ring)

@: lit by a corona, gold aura, glowing
A: no striking features
a: Renounce Religion, Potion Petition, Call Merchant, Bribe Branch


You were on level 6 of the Dungeon.
You worshipped Gozag.
Gozag was aware of your devotion.
You visited 2 branches of the dungeon, and saw 7 of its levels.

You collected 236 gold pieces.
You paid 93 gold pieces to Gozag.

Inventory:

Hand Weapons
 j - a +0 dagger
 z - the +1 mace of Yredelemnul's Delight (weapon) {spect, Str+4}
   (You found it on level 5 of the Dungeon)

   When its wielder attacks, the weapon's spirit leaps out and strikes again.
   The spirit shares a part of any damage it takes with its wielder.
   Str:       It affects your strength (+4).
Armour
 b - a +0 leather armour (worn)
Magical Staves
 w - a staff of air
Jewellery
 q - a ring of resist corrosion (left hand)
 x - a +6 ring of intelligence
 y - a ring of protection from fire
 A - a ring of willpower
Wands
 a - a wand of iceblast (26)
 d - a wand of charming (10)
 C - a wand of polymorph (6)
Scrolls
 c - 2 scrolls of teleportation {unknown}
 h - a scroll of enchant weapon {unknown}
 k - 2 scrolls of fear {unknown}
 o - 3 scrolls of identify {unknown}
 p - 2 scrolls of summoning {unknown}
 s - a scroll of torment {unknown}
 t - a scroll of holy word {unknown}
 v - a scroll of brand weapon {unknown}
 D - a scroll of magic mapping {unknown}
Potions
 f - a potion of lignification {unknown}
 g - a potion of curing {unknown}
 i - a potion of might {unknown}
 l - a potion of brilliance {unknown}
 m - a potion of heal wounds {unknown}
 n - a potion of degeneration {unknown}
 r - 3 potions of haste {unknown}
 u - a potion of attraction {unknown}
 B - a potion of cancellation {unknown}
 E - a potion of berserk rage {unknown}
 F - a potion of flight {unknown}
Miscellaneous
 e - a piece from Xom's chessboard (15/15)


   Skills:
 + Level 3.4 Fighting
 + Level 3.5 Short Blades
 - Level 0.5 Maces & Flails
 + Level 4.2 Armour
 + Level 3.4 Dodging
 + Level 3.4 Stealth
 + Level 4.5 Evocations


You had 7 spell levels left.
You didn't know any spells.
Your spell library contained the following spells:

 Spells                   Type           Power      Damage    Failure   Level
 Animate Skeleton         Necr           0%         N/A       36%         1
 Apportation              Tloc           0%         N/A       36%         1
 Corona                   Hex            0%         N/A       36%         1
 Summon Small Mammal      Summ           0%         N/A       36%         1


Dungeon Overview and Level Annotations

Branches:
Dungeon (6/15)             Temple (1/1) D:6

Altars:
Ashenzari
Cheibriados
Elyvilon
Gozag
Kikubaaqudgha
Makhleb
Nemelex Xobeh
Okawaru
Qazlal
Ru
Sif Muna
Trog
Vehumet
Wu Jian
Xom
Yredelemnul
Zin
The Shining One

Shops:
D:3 [

Annotations:
D:2 exclusion: rat
D:4 Pikel
D:5 exclusion: 2 downstairs


Message History

You now have 143 gold pieces (gained 14).
F - a blue potion
Things that are here:
13 poisoned darts; a +0 whip The gnoll shaman shouts!
You hear a shout! x2
A gnoll shaman is nearby!
The gnoll shouts!
The gnoll shaman calls down the wrath of its god upon you.
You are outlined in light.
The gnoll shaman calls upon its god to speed up the gnoll.
The gnoll seems to speed up.
You hit the gnoll shaman.
The gnoll shaman is lightly wounded.
Your +1 mace of Yredelemnul's Delight {spect, Str+4} hits the gnoll shaman.
The gnoll shaman hits you with a +0 club.
The gnoll hits you from afar with a +0 spear.
The gnoll shaman hits you with a +0 club.
You completely miss the gnoll shaman.
The gnoll shaman is moderately wounded.
Your +1 mace of Yredelemnul's Delight {spect, Str+4} hits the gnoll shaman!
The gnoll misses you.
The gnoll hits you from afar with a +0 spear.
The gnoll shaman hits you with a +0 club.
The gnoll hits you from afar with a +0 halberd!
The gnoll barely misses you.
The gnoll hits you from afar with a +0 spear.
You barely miss the gnoll shaman.
The gnoll shaman is almost dead.
Your +1 mace of Yredelemnul's Delight {spect, Str+4} hits the gnoll shaman!
You kill the gnoll shaman!
The gnoll throws a stone.
The stone completely misses your +1 mace of Yredelemnul's Delight {spect, Str+4}.
The stone hits you. The gnoll misses you.
The gnoll hits you from afar with a +0 halberd!
* * * LOW HITPOINT WARNING * * *
The gnoll hits you from afar with a +0 spear.
* * * LOW HITPOINT WARNING * * *
The gnoll hits you from afar with a +0 spear!
You die...
Your body crumbles into a pile of gold.

...≈≈≈≈≈≈.#.##...###......#
≈≈≈≈≈≈≈≈..........##.....##
≈≈≈≈≈≈............##.....#
≈≈≈≈..............#.....##
.................#...#.##
..........<......#......#
......<..........#......#
.......#...........#....#
...........##...@..###.##
...........####.#..#####
.........######.#gg#..##
..##....#####....§$....#
...#..........#.......##
.##..#...#...##...##.##
....###..#........##.####
..........#......≈≈...≈≈#
.........###.....≈≈...≈≈#


You could see 2 gnolls.

Vanquished Creatures
  A sky beast (D:6)
  2 necrophages (D:5)
  An ogre (D:5)
  A scorpion (D:6)
  A wyvern skeleton (D:6)
  2 hounds
  A jelly (D:5)
  A gnoll shaman (D:6)
  An iguana (D:4)
  6 adders
  11 gnolls
  A shadow imp (D:6)
  An ufetubus (D:6)
  2 worms (D:5)
  A dart slug (D:5)
  4 orcs
  5 ball pythons (D:2)
  6 endoplasms
  3 giant cockroaches
  4 goblins
  4 hobgoblins
  5 jackals
  A kobold (D:2)
  5 quokkas
  5 bats
  3 frilled lizards
  2 rats (D:2)
80 creatures vanquished.

Vanquished Creatures (collateral kills)
  A hound (D:5)
  A killer bee zombie (D:5)
2 creatures vanquished.

Vanquished Creatures (others)
  A black bear (D:5)
  A gnoll (D:3)
  A dart slug (D:5)
3 creatures vanquished.

Grand Total: 85 creatures vanquished

Notes
Turn   | Place    | Note
-------+----------+-------------------------------------------
     0 | D:1      | H0rd4k the Human Artificer began the quest for the Orb.
     0 | D:1      | Reached XP level 1. HP: 15/15 MP: 1/1
   488 | D:1      | Reached XP level 2. HP: 18/21 MP: 2/2
   543 | D:1      | Found a faded altar of an unknown god.
  1290 | D:1      | Reached XP level 3. HP: 14/26 MP: 3/3
  2825 | D:2      | Reached XP level 4. HP: 19/33 MP: 4/4
  3529 | D:3      | Reached skill level 1 in Short Blades
  3605 | D:3      | Found Byunuruw's Antique Armour Shoppe.
  3995 | D:3      | Reached XP level 5. HP: 38/38 MP: 5/5
  4625 | D:4      | Noticed a lemure
  4625 | D:4      | Noticed a lemure
  4625 | D:4      | Noticed Pikel
  4645 | D:5      | Entered Level 5 of the Dungeon
  4645 | D:5      | Noticed a black bear
  4655 | D:5      | Noticed a necrophage
  4661 | D:5      | Reached XP level 6. HP: 30/44 MP: 6/6
  4670 | D:5      | Killed a necrophage
  4710 | D:5      | Noticed an ogre
  4713 | D:5      | Killed an ogre
  4714 | D:5      | Reached XP level 7. HP: 40/51 MP: 7/7
  5109 | D:5      | Identified the +1 mace of Yredelemnul's Delight {spect,
                  | Str+4}
  6077 | D:6      | Found a staircase to the Ecumenical Temple.
  6240 | D:6      | Reached XP level 8. HP: 54/58 MP: 8/8
  7148 | Temple   | Entered the Ecumenical Temple
  7324 | Temple   | Became a worshipper of Gozag Ym Sagoz the Greedy
  7495 | D:6      | Slain by a gnoll

Illustrated notes

Levels and vault maps discovered:
D:1:      eino_arrival_druids_welcome, layout_loops_ring,
          hellmonk_ecumenical_altar_inner_sanctum
D:2:      layout_basic, lightli_corner_chamber
D:3:      layout_loops_ring, serial_shops, nicolae_square_shop
D:4:      layout_basic, serial_bayou, serial_bayou_lagoon_b,
          serial_bayou_shore_a, serial_bayou_shore_b, serial_bayou_shore_b,
          chequers_serial_rivers_large_b, uniq_duvessa, uniq_pikel
D:5:      layout_basic, minmay_misc_feat_tower
D:6:      layout_cave_pools, nicolae_uskayaw_suspiria, temple_pool_b
Temple:   roderic_octagonal_lattice_temple

Skill      XL: |  1  2  3  4  5  6  7 |
---------------+----------------------+-----
Short Blades   | 1 2 3 |  3.5
Fighting       | 2 3 |  3.4
Armour         | 3 4 |  4.2
Dodging        | 2 3 |  3.4
Stealth        | 2 3 |  3.4
Evocations     | 4 |  4.5
Maces & Flails | |  0.5

Action                   |  1- 3 |  4- 6 |  7- 9 || total
-------------------------+-------+-------+-------++-------
Melee: Club              |    98 |       |       ||    98
       Dagger            |    94 |   103 |    35 ||   232
       Mace              |       |       |    60 ||    60
Evoke: Wand              |     4 |    22 |     1 ||    27
 Stab: Sleeping          |     1 |     1 |     3 ||     5
Armor: Leather armour    |    76 |    19 |    15 ||   110
Dodge: Dodged            |   160 |    63 |    65 ||   288
